 Dungeon Crawl Stone Soup version 0.22-a0-422-g9628fc8 (webtiles) character file.

327 Jynxie the Chopper (level 6, 0/57 HPs)
             Began as a Hill Orc Gladiator on May 19, 2018.
             Slain by a shadow imp (5 damage)
             ... on level 4 of the Dungeon.
             The game lasted 00:11:04 (3704 turns).

Jynxie the Chopper (Hill Orc Gladiator)             Turns: 3704, Time: 00:11:04

Health: 0/57       AC:  6    Str: 18 (19) XL:     6   Next: 50%
Magic:  6/6        EV: 12    Int:  5 (8)  God:
Gold:   136        SH:  0    Dex: 10 (12) Spells: 5/5 levels left

rFire    . . .     SeeInvis .   a - +0 war axe
rCold    . . .     Gourm    .   (no shield)
rNeg     . . .     Faith    +   k - +1 leather armour {MR+}
rPois    .         Spirit   .   c - +0 helmet
rElec    .         Reflect  .   (no cloak)
rCorr    .         Harm     .   j - +0 pair of gloves
MR       +....                  (no boots)
Stlth    +.........             p - amulet of faith
HPRegen  0.19/turn              (no ring)
MPRegen  0.10/turn              (no ring)

@: drained
A: no striking features
a: Convert to Beogh


You were on level 4 of the Dungeon.
You were not hungry.

You visited 1 branch of the dungeon, and saw 4 of its levels.

You collected 136 gold pieces.

Inventory:

Hand Weapons
 a - a +0 war axe (weapon)
Missiles
 d - 3 throwing nets (quivered)
Armour
 b - a +0 leather armour
 c - a +0 helmet (worn)
 i - a +0 scale mail
 j - a +0 pair of gloves (worn)
 k - a +1 leather armour of magic resistance (worn)
Jewellery
 p - an amulet of faith (around neck)
Wands
 q - a wand of paralysis (12)
Scrolls
 e - a scroll of immolation {unknown}
 f - a scroll of teleportation {unknown}
 h - a scroll of amnesia {unknown}
 l - a scroll of enchant weapon {unknown}
 m - 3 scrolls of blinking
 n - 3 scrolls of identify {unknown}
 o - a scroll of remove curse
 t - a scroll of noise {unknown}
Potions
 g - 2 potions of agility
 u - a potion of degeneration
Comestibles
 s - 2 chunks of flesh


   Skills:
 * Level 5.8(5.4) Fighting
 * Level 7.1(6.6) Axes
 - Level 2.0(1.6) Throwing
 - Level 2.4(2.0) Dodging


You had 5 spell levels left.
You didn't know any spells.
Your spell library was empty.

Dungeon Overview and Level Annotations

Branches:
Dungeon (4/15)
 Temple: D:4-7

Altars:


Message History

The shadow imp gestures at you. Pain shoots through your body!
* * * LOW HITPOINT WARNING * * *
You closely miss the shadow imp.
The shadow imp is severely wounded.
The orc priest shouts, "Beogh is our master!
Accept the truth or die!"
The shadow imp hits you.
* * * LOW HITPOINT WARNING * * *
The shadow imp gestures at you. You resist with some effort.
You closely miss the shadow imp.
The shadow imp is severely wounded.
The shadow imp hits you but does no damage.
You closely miss the shadow imp.
The shadow imp is severely wounded.
The shadow imp barely misses you.
You barely miss the shadow imp.
The shadow imp is severely wounded.
The shadow imp hits you.
You die...

#.. #.#
###.###.###.#
............#
###.###รท#####
.##.###.#
>......o#
.##.###5########
#.@.......
#.........
##########


You could see an orc priest and a shadow imp.

Vanquished Creatures
  A bullfrog (D:2)
  A bullfrog skeleton (D:4)
  2 orc priests
  An orc wizard (D:3)
  A worker ant (D:4)
  2 adders (D:4)
  An ooze (D:2)
  A worm (D:2)
  3 dart slugs
  3 leopard geckos
  15 orcs (D:3)
  2 giant cockroaches
  8 goblins
  6 hobgoblins
  7 jackals (D:2)
  2 quokkas
  2 ball pythons
  8 bats
  4 frilled lizards
  6 kobolds
  A quokka skeleton (D:4)
  9 rats
86 creatures vanquished.

Notes
Turn   | Place    | Note
-------+----------+-------------------------------------------
     0 | D:1      | Jynxie the Hill Orc Gladiator began the quest for the Orb.
     0 | D:1      | Reached XP level 1. HP: 18/18 MP: 1/1
   434 | D:1      | Reached XP level 2. HP: 14/25 MP: 2/2
  1566 | D:2      | Reached XP level 3. HP: 31/31 MP: 3/3
  1567 | D:2      | Noticed a bullfrog
  1585 | D:2      | Killed a bullfrog
  1585 | D:2      | Reached skill level 5 in Axes
  1585 | D:2      | Reached XP level 4. HP: 23/40 MP: 4/4
  2053 | D:2      | Reached XP level 5. HP: 47/47 MP: 5/5
  2629 | D:3      | Reached skill level 6 in Axes
  2635 | D:3      | Reached skill level 5 in Fighting
  3408 | D:4      | Reached XP level 6. HP: 56/56 MP: 6/6
  3692 | D:4      | Reached skill level 7 in Axes
  3704 | D:4      | Slain by a shadow imp

Vault maps used:
D:1:      dpeg_arrival_rooms_with_view, corexii_corridor_pit
D:2:      minmay_misc_feat_tower, st_stairs_5
D:4:      grunt_dithmenos_smoke, kennysheep_mini_moat,
          minmay_temple_entry_large_hall

Skill      XL: |  1  2  3  4  5  6 |
---------------+-------------------+-----
Throwing       | 2 |  2.0
Fighting       | 3 4 5 |  5.8
Axes           | 5 6 7 |  7.1
Dodging        | |  2.4

Action                   |  1- 3 |  4- 6 || total
-------------------------+-------+-------++-------
Melee: War axe           |    71 |   203 ||   274
  Use: Scroll            |     1 |     1 ||     2
       Potion            |       |     3 ||     3
 Stab: Sleeping          |     2 |       ||     2
  Eat: Ration            |     1 |       ||     1
       Chunk             |       |     6 ||     6
Armor: Leather armour    |     4 |    76 ||    80
       Scale mail        |    34 |     4 ||    38
Dodge: Dodged            |    54 |   150 ||   204

Table legend:
 A = Spawn XP
 B = Non-spawn XP
 C = Spawn XP percentage of total XP
 D = Spawn monster count
 E = Non-spawn monster count
 F = Spawn count percentage of total count
 G = Total turns spent on level
                    A         B        C        D         E        F      G
               +---------+---------+-------+---------+---------+-------+---------
         Total |       0 |     468 |   0.0 |       0 |      86 |   0.0 |  3704
               +---------+---------+-------+---------+---------+-------+---------
           D:1 |       0 |      25 |   0.0 |       0 |      14 |   0.0 |  1481
           D:2 |       0 |     157 |   0.0 |       0 |      38 |   0.0 |   964
           D:3 |       0 |     141 |   0.0 |       0 |      28 |   0.0 |  1187
           D:4 |       0 |     145 |   0.0 |       0 |       6 |   0.0 |    72
               +---------+---------+-------+---------+---------+-------+---------
